 Dungeon Crawl Stone Soup version 0.17-a0-1508-ge7f3dc3 (webtiles) character file.

55 Fluffy the Slasher (level 3, -3/28 HPs)
             Began as a Demonspawn Gladiator on July 10, 2015.
             Slain by 4thArraOfDagon's ghost (5 damage)
             ... on level 3 of the Dungeon.
             The game lasted 00:03:15 (1716 turns).

Fluffy the Slasher (Demonspawn Gladiator)           Turns: 1716, Time: 00:03:15

Health: -3/28      AC: 10    Str: 16    XL:     3   Next: 67%
Magic:  0/3        EV:  3    Int:  9    God:
Gold:   169        SH:  0    Dex: 15    Spells: 0 memorised, 2 levels left

rFire  + . .     SeeInvis .     a - +0 long sword
rCold  . . .     Clarity  .     q - +0 chain mail
rNeg   . . .     SustAt   .     (no shield)
rPois  .         Gourm    .     c - +0 helmet
rElec  .         Spirit   +     (no cloak)
rCorr  .         Warding  .     j - +0 pair of gloves
rMut   .         Stasis   .     (no boots)
MR     .....                    o - amulet of guardian spirit
Stlth  ..........               (no ring)
                                r - ring of protection from fire

@: not resistant to hostile enchantments, extremely unstealthy
A: thin skeletal structure 1, nightstalker 1
a: no special abilities


You were on level 3 of the Dungeon.
You were hungry.

You visited 1 branch of the dungeon, and saw 3 of its levels.

You collected 169 gold pieces.

Inventory:

Hand weapons
 a - a +0 long sword (weapon)
Missiles
 d - 3 throwing nets (quivered)
Armour
 c - a +0 helmet (worn)
 j - a +0 pair of gloves (worn)
 q - a +0 chain mail (worn)
Jewellery
 o - an amulet of guardian spirit (around neck)
 r - a ring of protection from fire (left hand)
Scrolls
 b - a scroll of magic mapping {unknown}
 h - a scroll of teleportation {unknown}
 m - 5 scrolls of identify {unknown}
 n - 2 scrolls of remove curse {unknown}
 p - a scroll of fog {unknown}
Potions
 f - a potion of haste {unknown}
 g - a potion of cancellation {unknown}
 i - a potion of agility {unknown}
 l - a potion of mutation {unknown}
 s - 2 potions of poison {unknown}
Comestibles
 e - 3 bread rations
 k - 2 meat rations


   Skills:
 + Level 2.9 Fighting
 + Level 3.0 Long Blades
 - Level 1.7 Throwing
 + Level 1.5 Armour
 + Level 2.9 Dodging


You had 2 spell levels left.
You didn't know any spells.

Dungeon Overview and Level Annotations

Branches:
Dungeon (3/15)

Altars:
Ashenzari
Dithmenos
Gozag
Sif Muna
Trog

Annotations:
D:3 4thArraOfDagon's ghost, weakling DsAK


Innate Abilities, Weirdness & Mutations

You have a somewhat thin skeletal structure (Dex +2, Stealth).
You are slightly more attuned to the shadows.


Message History

4thArraOfDagon's ghost hits you.
You hit 4thArraOfDagon's ghost but do no damage. 4thArraOfDagon's ghost closely misses you.
You slash 4thArraOfDagon's ghost! 4thArraOfDagon's ghost is moderately damaged. 4thArraOfDagon's ghost hits you. 4thArraOfDagon's ghost hits you but does no damage.
You hit 4thArraOfDagon's ghost but do no damage. 4thArraOfDagon's ghost is moderately damaged. 4thArraOfDagon's ghost hits you.
You hit 4thArraOfDagon's ghost but do no damage. 4thArraOfDagon's ghost is moderately damaged. 4thArraOfDagon's ghost hits you!
You hit 4thArraOfDagon's ghost but do no damage. 4thArraOfDagon's ghost is moderately damaged. 4thArraOfDagon's ghost wails, "You must not succeed where I failed!" 4thArraOfDagon's ghost hits you!
* * * LOW HITPOINT WARNING * * *
4thArraOfDagon's ghost hits you.
You die...

#...# #...#
#...# .
#...##..
#...'.. #...#
#.#### #..W.#
####@####
#....# #....#
###....#
#....##########
#.)..##.......#
#....##.##....#
#....##.##....#
###'###.#####.#


You could see 4thArraOfDagon's ghost.

Vanquished Creatures
  An adder (D:2)
  2 oozes (D:1)
  2 giant geckos
  4 giant cockroaches
  5 hobgoblins (D:1)
  3 bats (D:1)
  3 giant newts
  9 goblins
  4 kobolds
  2 rats
35 creatures vanquished.

Notes
Turn   | Place    | Note
--------------------------------------------------------------
     0 | D:1      | Fluffy the Demonspawn Gladiator began the quest for the Orb.
     0 | D:1      | Reached XP level 1. HP: 16/16 MP: 1/1
    20 | D:1      | Gained mutation: You have a somewhat thin skeletal structure (Dex +2, Stealth). [demonic ancestry]
    20 | D:1      | Reached XP level 2. HP: 5/22 MP: 2/2
   356 | D:1      | Reached skill level 1 in Armour
   701 | D:1      | Gained mutation: You are slightly more attuned to the shadows. [demonic ancestry]
   701 | D:1      | Reached XP level 3. HP: 28/28 MP: 3/3
   762 | D:1      | Reached skill level 3 in Long Blades
   981 | D:2      | Found an opulent altar of Gozag.
  1022 | D:2      | Found a bloodstained altar of Trog.
  1085 | D:2      | Found a shattered altar of Ashenzari.
  1109 | D:2      | Found a shadowy altar of Dithmenos.
  1546 | D:2      | Found a deep blue altar of Sif Muna.
  1705 | D:3      | Noticed 4thArraOfDagon's ghost (weakling DsAK)
  1716 | D:3      | Slain by 4thArraOfDagon's ghost

Vault maps used:
D:1:      moated_graveyard_arrival, minmay_fountain_box
D:2:      grunt_gozag_breadcrumbs, nicolae_overflow_crystal_walls,
          lemuel_blue_sif_altar, bloody_trog, ashenzari_altar_1
D:3:      nemelex_diamond_rough_becter

Action                   || total
-------------------------++-------
Melee: Long sword        ||    99
 Stab: Sleeping          ||     3
  Eat: Chunk             ||     2
